 Dungeon Crawl Stone Soup version 0.31.0-32-g396128a36d (webtiles) character file.

Game seed: 3071241182157971277

97237 FexLirch the Cleaver (level 16, -25/175 HPs)
             Began as an Octopode Fighter on Mar 17, 2024.
             Was a High Priest of Qazlal.
             Annihilated by a nagaraja
             ... wielding a +0 halberd
              (47 damage)
             ... on level 2 of the Snake Pit.
             The game lasted 00:34:04 (23006 turns).

FexLirch the Cleaver (Octopode Fighter)            Turns: 23006, Time: 00:34:05

Health: -25/175    AC: 14    Str: 21    XL:     16   Next: 19%
Magic:  31/31      EV: 20    Int:  9    God:    Qazlal [*****.]
Gold:   1736       SH: 22    Dex: 12    Spells: 13/15 levels left

rFire   + + .        Y - +1 broad axe of the Unspeakable One {freeze, rN+++ Int-3 SInv Stlth+}
rCold   x . .        s - +2 kite shield {reflect}
rNeg    + + +        W - +2 hat {Will+}
rPois   .            N
                       - Hermit's Pendant {Faith Invo=14 Evo=0 MP+5}
rElec   .            l - +5 ring of evasion
rCorr   .            q - +4 ring of protection
SInv    +            d - +4 ring of protection
Will    ++...        v - ring of fire Stlth
                     A - ring of protection from fire
HPRegen 0.49/turn    (no ring)
MPRegen 0.22/turn    (no ring)
                     (no ring)

%: repel missiles, reflection, faith
@: berserking, lethally poisoned (-25 -> -40), protected from physical damage,
constricted, very quick
A: almost no armour, amphibious, 8 rings, camouflage 1, gelatinous body 1,
(nimble swimmer 1), tentacles
a: Renounce Religion, Upheaval, Elemental Force, Disaster Area


You were on level 2 of the Snake Pit.
You worshipped Qazlal.
Qazlal was extremely pleased with you.
You visited 4 branches of the dungeon, and saw 24 of its levels.
You also visited: Ossuary.

You collected 2849 gold pieces.
You spent 1113 gold pieces at shops.

Inventory:

Hand Weapons
 u - a +3 flail of protection
 P - the +2 war axe "Death Rattle" {venom, Will+ Int+2}
   (You bought it in a shop on level 2 of the Orcish Mines)

   Int+2:     It affects your intelligence (+2).
   Will+:     It increases your willpower.
 U - the +3 great mace of Wodghius {freeze, rC++}
   (You bought it in a shop on level 2 of the Orcish Mines)

   rC++:      It greatly protects you from cold.
 Y - the +1 broad axe of the Unspeakable One (weapon) {freeze, rN+++ Int-3 SInv Stlth+}
   (You found it on level 2 of the Lair of Beasts)

   Int-3:     It affects your intelligence (-3).
   rN+++:     It renders you almost immune to negative energy.
   SInv:      It lets you see invisible.
   Stlth+:    It makes you more stealthy.
Missiles
 f - 4 javelins
 h - 31 stones
 t - 25 poisoned darts (quivered)
 O - 15 boomerangs
 X - 5 throwing nets
Armour
 s - a +2 kite shield of reflection (worn)
 W - a +2 hat of willpower (worn)
Jewellery
 d - a +4 ring of protection (on tentacle)
 l - a +5 ring of evasion (left tentacle)
 q - a +4 ring of protection (right tentacle)
 v - a ring of fire (on tentacle)
 A - a ring of protection from fire (on tentacle)
 H - an amulet of regeneration
 L - a ring of protection from fire
 N - the Hermit's Pendant (around mantle) {Faith Invo=14 Evo=0 MP+5}
   (You found it on level 7 of the Dungeon)

   [amulet of faith]

   Invo=14: It sets your Invocations skill to 14.
   Evo=0: It sets your Evocations skill to 0.
   Faith:     It allows you to gain divine favour quickly.
   MP+5:      It affects your magic capacity (+5).
 R - an amulet of reflection
Wands
 a - a wand of flame (9)
 y - a wand of quicksilver (11)
 J - a wand of digging (8)
 Q - a wand of roots (16)
 V - a wand of charming (5)
Scrolls
 b - 5 scrolls of identify
 c - 3 scrolls of enchant weapon {unknown}
 e - a scroll of immolation {unknown}
 g - 10 scrolls of teleportation
 i - 2 scrolls of enchant armour
 o - 2 scrolls of blinking
 p - 5 scrolls of revelation
 w - 3 scrolls of poison
 B - 3 scrolls of fog
 E - 6 scrolls of noise
 I - 2 scrolls of torment {unknown}
 K - 2 scrolls of fear {unknown}
 M - 3 scrolls of vulnerability {unknown}
 T - 3 scrolls of brand weapon {unknown}
 Z - 4 scrolls of amnesia
Potions
 j - 2 potions of ambrosia {unknown}
 k - 3 potions of enlightenment
 m - 2 potions of attraction {unknown}
 n - a potion of magic
 r - 2 potions of lignification {unknown}
 x - 8 potions of curing
 z - 2 potions of brilliance {unknown}
 C - 3 potions of heal wounds {unknown}
 D - 3 potions of might
 G - 4 potions of haste
 S - a potion of mutation {unknown}


   Skills:
 + Level 13.4 Fighting
 * Level 14.0(15.8) Axes
 - Level 12.1(14.9) Maces & Flails
 + Level 13.4 Dodging
 + Level 13.3 Shields
 - Level 1.6(14.0) Invocations


You had 13 spell levels left.
You knew the following spells:

 Your Spells              Type           Power      Damage    Failure   Level
a - Lesser Beckoning      Tloc           0%         N/A       69%         2

Your spell library contained the following spells:

 Spells                   Type           Power      Damage    Failure   Level
 Apportation              Tloc           0%         N/A       54%         1
 Magic Dart               Conj           0%         1d3       54%         1
 Necrotise                Necr           0%         1d4       54%         1
 Sting                    Conj/Alch      0%         1d3       54%         1
 Summon Small Mammal      Summ           0%         N/A       54%         1
 Blink                    Tloc           0%         N/A       69%         2
 Call Imp                 Summ           0%         N/A       69%         2
 Sublimation of Blood     Necr           0%         N/A       69%         2
 Gell's Gravitas          Tloc           0%         N/A       89%         3
 Teleport Other           Tloc           0%         N/A       89%         3
 Ignite Poison            Fire/Alch      0%         N/A       100%        4
 Leda's Liquefaction      Alch/Erth      0%         N/A       100%        4
 Petrify                  Alch/Erth      0%         N/A       100%        4
 Sticky Flame             Fire/Alch      0%         2d4       100%        4
 Vhi's Electric Charge    Tloc/Air       0%         N/A       100%        4
 Arcjolt                  Conj/Air       0%         1d10      100%        5
 Irradiate                Conj/Alch      0%         3d11      100%        5
 Lee's Rapid Deconstruct  Erth           0%         3d4*      100%        5
 Bombard                  Conj/Erth      0%         9d1       100%        6
 Ignition                 Fire           0%         3d3       100%        8
 Maxwell's Capacitive Co  Air            0%         ∞         100%        8


Dungeon Overview and Level Annotations

Branches:
Dungeon (15/15)            Temple (0/1) D:6            Lair (5/5) D:10
 Shoals (0/4) Lair:3        Snake (2/4) Lair:2        Slime (0/5) Lair:5
    Orc (2/2) D:9             Elf (0/3) Orc:2        Vaults (0/5) D:14
Ossuary (visited)
 Depths: D:15

Altars:
Ashenzari
Elyvilon
Gozag
Hepliaklqana
Kikubaaqudgha
Makhleb
Nemelex Xobeh
Qazlal
Ru
Sif Muna
Vehumet
Xom
Yredelemnul
Zin
Jiyva

Shops:
D:4 !   D:5 !   D:8 [   Orc:2 *:([

Annotations:
D:12 3 runed translucent doors, Derpydoo's ghost, journeyman GrBe
D:15 Louise


Innate Abilities, Weirdness & Mutations

You cannot wear most types of armour.
You are amphibious.
You can wear up to eight rings at the same time.
Your skin changes colour to match your surroundings (Stealth+).
Your rubbery body absorbs attacks. (AC +1, EV +1)
((You are camouflaged when in or above water. (Stealth+)))
You have tentacles for arms and can constrict up to eight enemies at once.


Message History

You kill the naga warrior!
Qazlal accepts your kill.
The shock serpent's electric aura discharges, shocking you!
The shock serpent closely misses you.
The nagaraja is engulfed in freezing vapours.
The nagaraja gestures at you while chanting.
You resist with significant effort. You block the shock serpent's attack.
You closely miss the nagaraja.
You squeeze the nagaraja, but do no damage.
The nagaraja is moderately wounded.
You closely miss the shock serpent.
You hear an angry hiss.
A shock serpent comes into view.
The nagaraja is engulfed in freezing vapours.
The nagaraja hits you with a +0 halberd!!
* * * LOW HITPOINT WARNING * * *
You feel protected from physical attacks.
The nagaraja grabs you. The nagaraja constricts you.
You block the shock serpent's attack.
A red film seems to cover your vision as you go berserk!
You feel yourself moving faster!
You feel mighty!
The nagaraja is engulfed in freezing vapours.
The nagaraja spits poison at you. The splash of poison hits you!
You are poisoned.
* * * LOW HITPOINT WARNING * * *
The nagaraja constricts you.
A black mamba comes into view.
The shock serpent is engulfed in blazing flames.
You kill the shock serpent!
Qazlal accepts your kill.
The nagaraja is engulfed in freezing vapours.
The nagaraja casts a spell at you. The poison arrow misses you.
The nagaraja constricts you.
You slice the nagaraja!! You freeze the nagaraja.
The nagaraja is severely wounded.
You feel very sick.
A naga warrior comes into view.
It is wielding a +0 long sword and wearing a +2 kite shield of reflection.
The nagaraja hits you with a +0 halberd!!!
You die...

#. #. #. #. #. #
# #.## .#
##.###.<#####..#
.......§..S....#
##.#....○@N☼...#
#....☼......#
+....○°○....#
#.........#..#
##...###### .#
#..S# # ....#
##..N# #...#


You could see a nagaraja (fast, strong), a naga warrior (reflecting), a shock
serpent and a black mamba.

Vanquished Creatures
  Gastronok (Lair:1)
  Agnes (D:14)
  A very ugly thing (D:15)
  An ironbound thunderhulk (D:14)
  Snorg (Orc:2)
  A fire dragon (Lair:5)
  A rakshasa (D:15)
  A salamander tyrant (Snake:1)
  6 hydras
  Harold (Lair:2)
  2 vault guards
  An ogre mage (Orc:2)
  3 anacondas
  2 boulder beetles
  4 centaur warriors
  2 two-headed ogres
  4 naga warriors
  2 shock serpents
  A naga sharpshooter (Snake:1)
  4 skysharks
  A salamander mystic (Snake:1)
  2 mana vipers (Snake:1)
  2 lindwurms (Lair:5)
  2 deep elf pyromancers
  11 ugly things
  2 orc knights (Orc:2)
  9 orc sorcerers (Orc:2)
  A cyclops (shapeshifter) (D:12)
  4 manticores
  5 cyclopes
  9 salamanders (Snake:1)
  19 elephants
  3 meliai (D:14)
  12 black mambas
  2 kobold blastminers (Orc:1)
  5 cane toads
  5 naga magi
  A gargoyle (D:12)
  8 torpor snails
  2 rime drakes
  A kobold demonologist (D:10)
  An efreet (D:14)
  9 komodo dragons
  A tengu conjurer (D:14)
  8 hornets (Lair:5)
  3 polar bears
  3 tyrant leeches (Lair:5)
  9 trolls
  14 blink frogs
  Prince Ribbit (Lair:3)
  22 slime creatures
  2 shadows
  A spriggan (Lair:2)
  2 wraiths (D:11)
  2 basilisks
  40 yaks
  7 wyverns
  2 humans (D:14)
  4 steam dragons
  5 wargs
  Edmund (D:4)
  5 vampire mosquitoes
  10 nagas
  6 water moccasins
  A two-headed ogre zombie (D:9)
  13 orc warriors
  2 black bears
  2 ice beasts
  4 wolves
  6 ogres
  3 centaurs
  3 phantoms
  2 kobold brigands (D:8)
  4 scorpions
  12 bullfrogs
  A gnoll sergeant (D:11)
  8 water moccasin zombies (Ossuary)
  19 wights
  A troll zombie (D:9)
  A burial acolyte (Ossuary)
  14 killer bees
  7 electric eels
  10 howler monkeys
  A bombardier beetle (D:4)
  5 hounds
  13 orc priests
  4 iguanas
  41 orc wizards
  2 crocodile zombies (Ossuary)
  6 ogre zombies (D:9)
  3 mummies
  4 gnolls (D:11)
  12 adders
  A white imp (D:5)
  4 ufetubi
  4 adder zombies (Ossuary)
  4 ribbon worms
  2 dart slugs (D:4)
  61 orcs
  9 bats
  8 endoplasms
  5 giant cockroaches
  13 gnoll zombies
  4 goblins
  5 hobgoblins
  9 jackals
  17 kobolds
  3 quokkas
  9 ball pythons
  6 frilled lizards
  3 gnoll skeletons (D:9)
  2 goblin zombies (D:5)
  6 jackal zombies (Ossuary)
  4 orc skeletons (D:9)
  21 orc zombies
  2 rats (D:2)
  A spectral weapon (D:14)
711 creatures vanquished.

Vanquished Creatures (collateral kills)
  3 yaks (Lair:5)
3 creatures vanquished.

Vanquished Creatures (others)
  A freezing wraith (D:15)
1 creature vanquished.

Grand Total: 715 creatures vanquished

Notes
Turn   | Place    | Note
-------+----------+-------------------------------------------
     0 | D:1      | FexLirch the Octopode Fighter began the quest for the Orb.
     0 | D:1      | Reached XP level 1. HP: 16/16 MP: 1/1
   154 | D:1      | Reached XP level 2. HP: 13/21 MP: 2/2
   612 | D:1      | Reached XP level 3. HP: 26/26 MP: 3/3
   955 | D:2      | Reached skill level 3 in Axes
  1009 | D:2      | Reached XP level 4. HP: 31/31 MP: 4/4
  1814 | D:3      | Noticed a phantom
  1819 | D:3      | Reached skill level 7 in Axes
  1819 | D:3      | Reached XP level 5. HP: 32/41 MP: 5/5
  1822 | D:3      | Killed a phantom
  1823 | D:3      | Reached skill level 8 in Axes
  1823 | D:3      | Reached XP level 6. HP: 37/46 MP: 6/6
  2112 | D:3      | Found a stormy altar of Qazlal.
  2121 | D:3      | Became a worshipper of Qazlal Stormbringer
  2172 | D:4      | Noticed Edmund
  2188 | D:4      | Killed Edmund
  2189 | D:4      | Reached XP level 7. HP: 27/53 MP: 7/7
  2428 | D:4      | Found Ruawis's Distillery.
  2436 | D:4      | Bought 2 potions of curing for 84 gold pieces
  2458 | D:4      | Found a radiant altar of Vehumet.
  3010 | D:4      | Reached skill level 1 in Maces & Flails
  3257 | D:4      | Learned a level 2 spell: Lesser Beckoning
  3258 | D:5      | Entered Level 5 of the Dungeon
  3305 | D:5      | Found a sand-covered staircase.
  3312 | Ossuary  | Entered an ossuary
  3319 | Ossuary  | Reached * piety under Qazlal
  3362 | Ossuary  | Reached XP level 8. HP: 58/58 MP: 8/8
  3419 | Ossuary  | Reached ** piety under Qazlal
  3844 | D:5      | Found Atzemp's Distillery.
  3854 | D:5      | Bought a potion of haste for 140 gold pieces
  3912 | D:5      | Found a shimmering altar of Xom.
  4160 | D:5      | Reached XP level 9. HP: 56/64 MP: 9/9
  4193 | D:5      | Found a burning altar of Makhleb.
  4539 | D:6      | Found a staircase to the Ecumenical Temple.
  5664 | D:7      | Reached *** piety under Qazlal
  5879 | D:7      | Found the Hermit's Pendant {Faith Invo=14 Evo=0 MP+5}
  5899 | D:7      | Reached skill level 5 in Maces & Flails
  5920 | D:7      | Reached skill level 1 in Invocations
  6307 | D:8      | Reached XP level 10. HP: 62/71 MP: 11/11
  6640 | D:8      | Reached **** piety under Qazlal
  6879 | D:8      | Found Ygeunimp's Armour Emporium.
  6887 | D:8      | Bought the +0 kite shield of Eye-covered Beauty {Dex+3} for
                  | 249 gold pieces
  7136 | D:9      | Reached ***** piety under Qazlal
  7177 | D:9      | Found a staircase to the Orcish Mines.
  7262 | D:9      | Found an opulent altar of Gozag.
  7267 | D:9      | Found a white marble altar of Elyvilon.
  7270 | D:9      | Found a basalt altar of Yredelemnul.
  7339 | D:9      | Noticed a deep elf pyromancer
  7348 | D:9      | Killed a deep elf pyromancer
  7589 | D:9      | Reached XP level 11. HP: 69/77 MP: 21/21
  8060 | D:9      | Found a hazy altar of Hepliaklqana.
  8115 | D:10     | Entered Level 10 of the Dungeon
  8391 | D:10     | Found a broken altar of Ashenzari.
  8449 | D:10     | Found a sacrificial altar of Ru.
  8782 | D:10     | Found a staircase to the Lair.
  9161 | D:11     | Noticed a two-headed ogre
  9169 | D:11     | Killed a two-headed ogre
  9382 | D:11     | Found a shimmering blue altar of Sif Muna.
  9588 | D:11     | Noticed a cyclops
  9588 | D:11     | Noticed a manticore
  9591 | D:11     | Killed a manticore
  9595 | D:11     | Killed a cyclops
  9919 | D:12     | Noticed a boulder beetle
  9929 | D:12     | Killed a boulder beetle
  9935 | D:12     | Noticed a manticore
  9959 | D:12     | Noticed a deep elf pyromancer
 10024 | D:12     | Noticed a cyan ugly thing
 10033 | D:12     | Killed a cyan ugly thing
 10034 | D:12     | Reached XP level 12. HP: 77/85 MP: 22/22
 10076 | D:12     | Reached ****** piety under Qazlal
 10158 | D:12     | Reached skill level 10 in Maces & Flails
 10376 | D:12     | Found a runed translucent gate.
 10376 | D:12     | Found a runed translucent gate.
 10376 | D:12     | Found a runed translucent gate.
 10379 | D:12     | Noticed Derpydoo's ghost (journeyman GrBe)
 11134 | D:13     | Reached skill level 10 in Dodging
 11135 | D:13     | Reached skill level 10 in Fighting
 11135 | D:13     | Reached skill level 10 in Shields
 11536 | Lair:1   | Entered Level 1 of the Lair of Beasts
 11748 | Lair:1   | Noticed Gastronok
 11765 | Lair:1   | Killed Gastronok
 11891 | Lair:1   | Reached XP level 13. HP: 93/93 MP: 23/23
 12439 | Lair:2   | Noticed Harold
 12457 | Lair:2   | Killed Harold
 12917 | Lair:2   | Identified the +1 broad axe of the Unspeakable One {freeze,
                  | rN+++ Int-3 SInv Stlth+}
 12951 | Lair:2   | Found a staircase to the Snake Pit.
 13000 | Lair:2   | You fall into a shaft and drop 1 floor!
 13002 | Lair:3   | Noticed Prince Ribbit
 13011 | Lair:3   | Killed Prince Ribbit
 13372 | Lair:3   | Reached skill level 9 in Axes
 13446 | Lair:3   | Found a staircase to the Shoals.
 13939 | Lair:3   | Reached XP level 14. HP: 101/101 MP: 24/24
 14282 | Lair:4   | Reached skill level 10 in Axes
 14861 | Lair:5   | Entered Level 5 of the Lair of Beasts
 15096 | Lair:5   | Reached skill level 11 in Axes
 16359 | Lair:5   | Found a viscous altar of Jiyva.
 16359 | Lair:5   | Found a staircase to the Slime Pits.
 16548 | Orc:1    | Entered Level 1 of the Orcish Mines
 16688 | Orc:2    | Entered Level 2 of the Orcish Mines
 16772 | Orc:2    | Noticed Snorg
 16790 | Orc:2    | Killed Snorg
 16824 | Orc:2    | Found a staircase to the Elven Halls.
 17180 | Orc:2    | Found Urghuky's Book Shoppe.
 17188 | Orc:2    | Reached XP level 15. HP: 108/108 MP: 25/25
 17211 | Orc:2    | Found an ancient bone altar of Kikubaaqudgha.
 17228 | Orc:2    | Reached skill level 12 in Axes
 17254 | Orc:2    | Found Mezuxu's Antique Weapon Emporium.
 17274 | Orc:2    | Found a radiant altar of Vehumet.
 17383 | Orc:2    | Found Hixidoku's Distillery.
 17394 | Orc:2    | Found Akiaj's Antique Armour Shoppe.
 17487 | Orc:2    | Found Xoagupn's General Store.
 17815 | Orc:2    | Bought a shimmering war axe for 272 gold pieces
 17815 | Orc:2    | Identified the +2 war axe "Death Rattle" {venom, Will+
                  | Int+2} (You bought it in a shop on level 2 of the Orcish
                  | Mines)
 17815 | Orc:2    | Bought a jewelled great mace for 368 gold pieces
 17815 | Orc:2    | Identified the +3 great mace of Wodghius {freeze, rC++}
                  | (You bought it in a shop on level 2 of the Orcish Mines)
 18964 | D:13     | Found a sparkling altar of Nemelex Xobeh.
 19820 | D:14     | Noticed Agnes
 19831 | D:14     | Killed Agnes
 20310 | D:14     | Reached skill level 13 in Axes
 20553 | D:14     | Found a glowing silver altar of Zin.
 20733 | D:14     | Found a gate to the Vaults.
 20800 | D:15     | Entered Level 15 of the Dungeon
 20805 | D:15     | Noticed Louise
 21324 | Snake:1  | Entered Level 1 of the Snake Pit
 21651 | Snake:1  | Reached XP level 16. HP: 95/117 MP: 26/26
 22717 | Snake:1  | Identified the +6 shortbow "Ranoph" {flame, rPois rC+}
 22821 | Snake:2  | Noticed a nagaraja
 22826 | Snake:1  | Reached skill level 14 in Axes
 22994 | Snake:2  | Noticed a nagaraja
 23006 | Snake:2  | Annihilated by a nagaraja

Illustrated notes

Levels and vault maps discovered:
D:1:      dpeg_arrival_tiny_a, layout_loops_ring, chequers_serial_rivers_micro_e
D:2:      layout_rooms
D:3:      layout_basic, marbit_many_paths, serial_glass, glass_columns_b,
          glass_columns_b, small_statue_intersection, minmay_between
D:4:      layout_cave_pods, mainiacjoe_overflow_boulevard, serial_shops, shop,
          uniq_edmund
D:5:      layout_loops_corners, mainiacjoe_overflow_concentric_impassable,
          kennysheep_mini_moat, serial_shops, shop, nicolae_ossuary_entry_giza
D:6:      layout_basic, minmay_temple_entry_mist
D:7:      layout_loops_ring
D:8:      layout_cave_pools, serial_shops, nicolae_diamond_shop
D:9:      layout_gridville, gammafunk_temple_overflow_forgotten,
          nicolae_hepliaklqana_hippocampus, zombieorc2_lemuel,
          serial_bayou_lake_a
D:10:     layout_basic, nicolae_overflow_crystal_walls, nicolae_ru_awakened_eye,
          lair_entry_dummy
D:11:     layout_roguey, lemuel_blue_sif_altar
D:12:     layout_irregular_city, gammafunk_ghost_necromancy
D:13:     layout_long_grid, serial_bayou, serial_bayou_shore_b,
          serial_bayou_ford_a, serial_bayou_pond_e, serial_bayou_pond_d,
          st_stairs_12, nemelex_diamond_rough_becter
D:14:     layout_irregular_city, hellmonk_vaults_keyhole,
          kennysheep_flooded_box, zin_statuary, uniq_agnes
D:15:     gammafunk_enter_depths_forms, layout_irregular_city,
          nicolae_figureground_pulse, uniq_louise
Lair:1:   layout_loops_ring, grunt_megastairs_4, infiniplex_staircase_pool_2,
          lemuel_fruit_tree, uniq_gastronok
Lair:2:   layout_chaotic_city, guppyfry_snake_entry_island,
          grunt_forest_stairs_clearing, grunt_megastairs_2, uniq_harold
Lair:3:   layout_loops_ring, elwin_shoals_entry_rocks,
          nicolae_lair_lakeside_cave, uniq_prince_ribbit2
Lair:4:   layout_cave_shapes
Lair:5:   wormcave, layout_layer_cave, dpeg_slime_entry_enclosed
Snake:1:  layout_layer_cave, nicolae_snake_salamander_fort
Snake:2:  layout_basic, serial_shops, nicolae_shop_dealshenge,
          nicolae_snake_serpentine_hallways, drop_trap, minmay_shoptagon
Orc:1:    layout_caves, serial_shops, nicolae_orc_takin'_care_of_business
Orc:2:    kennysheep_orc_mage_school, layout_caves, serial_shops,
          nicolae_diamond_shop, uniq_snorg

Skill      XL: |  1  2  3  4  5  6  7  8  9 10 11 12 13 14 15 16 |
---------------+-------------------------------------------------+-----
Axes           | 3 7 8 9 11 13 14 | 14.0
Fighting       | 6 7 8 9 10 11 12 13 | 13.4
Dodging        | 6 7 8 9 10 11 12 13 | 13.4
Shields        | 6 7 8 9 10 11 12 13 | 13.3
Maces & Flails | 2 3 5 7 9 11 12 | 12.1
Invocations    | 1 |  1.6

Action                     |  1- 3 |  4- 6 |  7- 9 | 10-12 | 13-15 | 16-18 || total
---------------------------+-------+-------+-------+-------+-------+-------++-------
  Melee: War axe           |    67 |    77 |     7 |       |       |       ||   151
         Constrict         |    18 |    14 |    79 |    61 |   110 |     5 ||   287
         Tentacles         |     6 |    17 |    79 |   168 |   290 |    13 ||   573
         Flail             |       |       |   313 |   509 |   721 |       ||  1543
         Punch             |       |       |     7 |    10 |    14 |     1 ||    32
         Broad axe         |       |       |       |       |   218 |    77 ||   295
  Throw: Dart              |       |     1 |       |    16 |       |       ||    17
 Invoke: Disaster Area     |       |       |       |     2 |     5 |       ||     7
         Upheaval          |       |       |       |       |    16 |     2 ||    18
         Elemental Force   |       |       |       |       |     2 |       ||     2
  Evoke: Wand              |       |       |       |     2 |     1 |       ||     3
    Use: Potion            |     1 |     1 |       |     1 |     3 |     2 ||     8
         Scroll            |       |     1 |     7 |       |    11 |       ||    19
   Stab: Sleeping          |     4 |     9 |     5 |       |       |       ||    18
         Paralysed         |       |       |       |       |     2 |       ||     2
 Armour: Skin              |    23 |    19 |    68 |   126 |   284 |    27 ||   547
  Dodge: Dodged            |    65 |    64 |   156 |   253 |   507 |    28 ||  1073
         Repelled          |       |       |       |     5 |    10 |     3 ||    18
  Block: Buckler           |    11 |    19 |   100 |    64 |       |       ||   194
         Kite shield       |       |       |       |   440 |  1013 |    85 ||  1538
         Reflection        |       |       |       |       |     8 |    11 ||    19
